 Dungeon Crawl Stone Soup version 0.28.0-53-g5a82cb258f (webtiles) character file.

Game seed: 7077583779322305902

76 Zeld the Digger (level 4, 7/24 HPs)
             Began as a Gargoyle Earth Elementalist on June 2, 2022.
             Quit the game on level 2 of the Dungeon.
             The game lasted 00:02:57 (1780 turns).

Zeld the Digger (Gargoyle Earth Elementalist)       Turns: 1780, Time: 00:02:57

Health: 7/24       AC:  5    Str: 12    XL:     4   Next: 32%
Magic:  3/8        EV: 11    Int: 17    God:
Gold:   63         SH:  0    Dex: 10    Spells: 3/9 levels left

rFire   . . .      SeeInvis .   (no weapon)
rCold   . . .      Faith    .   (no shield)
rNeg    + . .      Spirit   .   b - +0 robe
rPois   ∞          Reflect  .   (no helmet)
rElec   +          Harm     .   (no cloak)
rCorr   +          Rampage  .   (no gloves)
Will    .....                   (no boots)
Stlth   ++........              (no amulet)
HPRegen 0.08/turn               f - ring of resist corrosion
MPRegen 0.11/turn               (no ring)

@: no status effects
A: sickness immunity, AC +3, negative energy resistance 1, electricity
resistance, torment resistance 1, petrification resistance
a: no special abilities


You were on level 2 of the Dungeon.
You visited 1 branch of the dungeon, and saw 3 of its levels.

You collected 63 gold pieces.

Inventory:

Missiles
 d - 37 arrows
Armour
 b - a +0 robe (worn)
Jewellery
 f - a ring of resist corrosion (left hand)
Scrolls
 g - a scroll of acquirement {unknown}
 h - 3 scrolls of enchant weapon {unknown}
 i - a scroll of teleportation {unknown}
 j - a scroll of summoning {unknown}
 k - a scroll of enchant armour {unknown}
Potions
 a - 2 potions of lignification {unknown}
 e - 2 potions of berserk rage {unknown}
 l - a potion of mutation {unknown}


   Skills:
 - Level 1.5 Dodging
 - Level 2.1 Stealth
 * Level 3.0 Spellcasting
 + Level 1.5 Transmutations
 * Level 4.8 Earth Magic


You had 3 spell levels left.
You knew the following spells:

 Your Spells              Type           Power      Damage    Failure   Level
a - Sandblast             Erth           36%        2d10      2%          1
b - Passwall              Tmut/Erth      10%        N/A       7%          2
c - Stone Arrow           Conj/Erth      20%        3d8       21%         3

Your spell library contained the following spells:

 Spells                   Type           Power      Damage    Failure   Level
 Petrify                  Tmut/Erth      13%        N/A       43%         4


Dungeon Overview and Level Annotations

Branches:
Dungeon (3/15)

Altars:

Shops:
D:2 =


Innate Abilities, Weirdness & Mutations

You are immune to sickness and miasma.
Your stone body is resilient. (AC +3)
You are immune to poison.
You resist negative energy. (rN+)
You are resistant to electric shocks. (rElec)
You are resistant to unholy torment.
You are immune to petrification.


Message History

You feel less confused. The orc hits you with a +0 short sword.
You hear some strange, mumbled words.
Something tries to affect you, but you resist.
You see here a +0 dagger.
An orc wizard appears from thin air!
Reactivating autopickup.
Casting: Stone Arrow (extremely dangerous; 21% risk of failure)
Confirm with . or Enter, or press ? or * to list all spells.
The spell is extremely dangerous to miscast (21% risk of failure)!
Continue anyway?
Aiming: Stone Arrow (extremely dangerous; 21% risk of failure)
Press: ? - help, Shift-Dir - straight line, f - orc
Aim: an orc, wielding a +0 short sword (68% to hit)
The stone arrow misses the orc.
The stone arrow hits the orc wizard!
The orc wizard is heavily wounded.
Unknown command.
Casting: Stone Arrow (extremely dangerous; 21% risk of failure)
Confirm with . or Enter, or press ? or * to list all spells.
The spell is extremely dangerous to miscast (21% risk of failure)!
Continue anyway?
Aiming: Stone Arrow (extremely dangerous; 21% risk of failure)
Press: ? - help, Shift-Dir - straight line, f/p - orc
Aim: an orc, wielding a +0 short sword (68% to hit)
The stone arrow misses the orc.
The orc closely misses you. The orc wizard closely misses you.
Unknown command.
The orc closely misses you.
The orc wizard points at you and mumbles some strange words.
The magic dart hits you.
* * * LOW HITPOINT WARNING * * *
The orc shouts!
The orc hits you but does no damage.
The orc wizard casts a spell.
The orc wizard flickers and vanishes!
Deactivating autopickup; reactivate with Ctrl-A.
There is a stone staircase leading up here.
The orc hits you but does no damage.
You climb upwards.
Reactivating autopickup.
There is a stone staircase leading down here.
Are you sure you want to abandon this character and quit the game? (Confirm with "yes".)

#.###.##..###.........#
##....>#.....#.........#
##......)...............###
#.......................##.
#..........................
#.......................###
#.......................#
#.......................#
#........o@.............#
##......)......#.......##
##(....#.....###.....##
############# #######


You could see an orc.

Vanquished Creatures
  2 adders
  2 dart slugs (D:1)
  2 orcs
  2 ball pythons (D:2)
  7 endoplasms
  A giant cockroach (D:1)
  4 goblins
  3 hobgoblins
  3 kobolds
  7 quokkas
  7 bats
  7 rats
47 creatures vanquished.

Notes
Turn   | Place    | Note
-------+----------+-------------------------------------------
     0 | D:1      | Zeld the Gargoyle Earth Elementalist began the quest for
                  | the Orb.
     0 | D:1      | Reached XP level 1. HP: 10/10 MP: 3/3
   120 | D:1      | Reached skill level 1 in Transmutations
   120 | D:1      | Reached XP level 2. HP: 15/15 MP: 0/5
   203 | D:1      | Reached skill level 4 in Earth Magic
   510 | D:1      | Reached XP level 3. HP: 18/19 MP: 1/6
   513 | D:1      | Learned a level 2 spell: Passwall
   517 | D:1      | Learned a level 3 spell: Stone Arrow
   728 | D:1      | Found a faded altar of an unknown god.
  1089 | D:2      | Found Nomica's Jewellery Shoppe.
  1323 | D:2      | Reached XP level 4. HP: 21/24 MP: 5/8
  1780 | D:2      | Quit the game

Illustrated notes

Levels and vault maps discovered:
D:1:      tarquinn_simple_flora_water_e, layout_rooms,
          shapermc_ecumenical_altar_notcrosses
D:2:      layout_rooms, serial_shops, nicolae_shop_stone, nrook_loot_triangle
D:3:      layout_basic, kennysheep_okawaru_gauntlet, serial_shops, shop,
          portal_sewer_entry_b, minivault_5, patterned_corridor

Skill      XL: |  1  2  3  4 |
---------------+-------------+-----
Transmutations | 1 |  1.5
Earth Magic    | 4 |  4.8
Spellcasting   | 3 |  3.0
Dodging        | |  1.5
Stealth        | |  2.1

Action                   |  1- 3 |  4- 6 || total
-------------------------+-------+-------++-------
Melee: Unarmed           |    10 |    18 ||    28
 Cast: Sandblast         |    56 |     7 ||    63
       Stone Arrow       |       |     5 ||     5
 Stab: Sleeping          |     1 |     1 ||     2
Armor: Robe              |     9 |     8 ||    17
Dodge: Dodged            |    14 |    13 ||    27
